 Dungeon Sprint DCSS version 0.25-a0-410-g53dbb631d1 (webtiles) character file.

Game seed: 15329200247163800438, levelgen mode: deterministic

28200 wilfster70 the Warrior (level 13, -7/130 HPs)
             Began as a Minotaur Monk on Jan 13, 2020.
             Was the Champion of Qazlal.
             Killed from afar by an ancient lich (49 damage)
             ... with a lance of force
             ... in the Dungeon (Sprint V: "Ziggurat Sprint").
             The game lasted 00:10:08 (1638 turns).

wilfster70 the Warrior (Minotaur Monk)              Turns: 1638, Time: 00:10:09

Health: -7/130     AC: 37    Str: 24    XL:     13   Next: 8%
Magic:  0/22       EV: 14    Int:  9    God:    Qazlal [******]
Gold:   0          SH: 42    Dex: 14    Spells: 12/12 levels left

rFire    + + .     SeeInvis .   a - +10 lance "Wyrmbane" {slay drac, rPois rF+ rC+ AC+3}
rCold    + + +     Gourm    .   c - +18 shield of the Gong {rElec rN+ MR+ EV-5}
rNeg     + . .     Faith    .   j - +5 gold dragon scales
rPois    +         Spirit   .   (helmet restricted)
rElec    +         Reflect  +   G - +1 cloak of Starlight {rElec rC+ EV+4 Stlth--}
rCorr    .         Harm     .   (no gloves)
MR       +....     NoTele   +   K - +1 pair of boots {Stlth+}
Stlth    ..........             A - +2 amulet of reflection
HPRegen  0.31/turn              z - +6 ring of strength
MPRegen  0.18/turn              H - +3 ring of evasion

@: protected from physical damage, slowed, lightly drained, repel missiles, very
slow
A: retaliatory headbutt, horns 2
a: Upheaval, Elemental Force, Disaster Area, Renounce Religion


You were in the Dungeon.
You worshipped Qazlal.
Qazlal was exalted by your worship.
You were hungry.

You visited 1 branch

Inventory:

Hand Weapons
 a - the +10 lance "Wyrmbane" (weapon) {slay drac, rPois rF+ rC+ AC+3}
   (You found it in the Dungeon)

   It affects your AC (+3).
   It protects you from fire.
   It protects you from cold.
   It protects you from poison.
Armour
 c - the +18 shield of the Gong (worn) {rElec rN+ MR+ EV-5}
   (You found it in the Dungeon)

   It affects your evasion (-5).
   It insulates you from electricity.
   It protects you from negative energy.
   It affects your resistance to hostile enchantments.
 j - +5 gold dragon scales (worn)
 G - the +1 cloak of Starlight (worn) {rElec rC+ EV+4 Stlth--}
   (You found it in the Dungeon)

   It affects your evasion (+4).
   It protects you from cold.
   It insulates you from electricity.
   It makes you much less stealthy.
 K - a +1 pair of boots of stealth (worn)
Jewellery
 z - a +6 ring of strength (left hand)
 A - a +2 amulet of reflection (around neck)
 H - a +3 ring of evasion (right hand)
 J - an uncursed ring of protection from cold
 L - an uncursed ring of resist corrosion
Wands
 B - a wand of disintegration (7)
 C - a wand of iceblast (7)
 D - a wand of acid (7)
Scrolls
 b - 7 scrolls of fog
 i - 4 scrolls of blinking
 k - a scroll of holy word
 l - 5 scrolls of identify
 m - 5 scrolls of remove curse
 n - 2 scrolls of fear
 v - 4 scrolls of enchant weapon
 y - 2 scrolls of brand weapon
 E - 4 scrolls of amnesia
Potions
 d - 10 potions of curing
 e - 4 potions of heal wounds
 f - 10 potions of haste
 g - 6 potions of magic
 h - 2 potions of berserk rage
 o - 2 potions of brilliance
 p - 2 potions of invisibility
 q - 4 potions of resistance
 r - a potion of experience
 s - 5 potions of agility
 t - 6 potions of might
Miscellaneous
 u - a phantom mirror
 w - a lamp of fire
 x - a box of beasts
Comestibles
 F - 7 rations
 I - 4 chunks of flesh


   Skills:
 + Level 16.7(16.3) Fighting
 - Level 12.5(12.1) Polearms
 + Level 16.5(16.0) Armour
 + Level 15.6(15.1) Dodging
 - Level 1.5(1.2) Stealth
 - Level 15.0(14.6) Shields
 + Level 14.1(13.7) Invocations
 + Level 11.2(10.8) Evocations


You had 12 spell levels left.
You didn't know any spells.
Your spell library contained the following spells:

 Spells                   Type           Power        Failure   Level  Hunger
 Animate Skeleton         Necr           N/A          100%        1    ##.....
 Apportation              Tloc           #.....       100%        1    ##.....
 Corona                   Hex            #......      100%        1    ##.....
 Infusion                 Chrm           #...         100%        1    ##.....
 Magic Dart               Conj           #...         100%        1    ##.....
 Shock                    Conj/Air       #...         100%        1    ##.....
 Summon Small Mammal      Summ           #...         100%        1    ##.....
 Blink                    Tloc           N/A          100%        2    ###....
 Call Imp                 Summ           #.......     100%        2    ###....
 Corpse Rot               Necr/Air       N/A          100%        2    ###....
 Searing Ray              Conj           #.....       100%        2    ###....
 Shroud of Golubria       Chrm/Tloc      #.....       100%        2    ###....
 Slow                     Hex            #.......     100%        2    ###....
 Song of Slaying          Chrm           #.......     100%        2    ###....
 Conjure Flame            Conj/Fire      #.......     100%        3    ####...
 Dazzling Flash           Conj/Hex       #.....       100%        3    ####...
 Gell's Gravitas          Tloc           #.........   100%        3    ####...
 Ignite Poison            Fire/Tmut/Pois #.......     100%        3    ####...
 Mephitic Cloud           Conj/Pois/Air  #.......     100%        3    ####...
 Ozocubu's Armour         Chrm/Ice       #.......     100%        3    ####...
 Portal Projectile        Hex/Tloc       #.....       100%        3    ####...
 Recall                   Summ/Tloc      N/A          100%        3    ####...
 Spectral Weapon          Hex/Chrm       #.......     100%        3    ####...
 Static Discharge         Conj/Air       #.......     100%        3    ####...
 Stone Arrow              Conj/Erth      #.....       100%        3    ####...
 Animate Dead             Necr           N/A          100%        4    #####..
 Fulminant Prism          Conj/Hex       #.........   100%        4    #####..
 Iskenderun's Mystic Bla  Conj/Tloc      #.......     100%        4    #####..
 Borgnjor's Vile Clutch   Necr/Erth      #.........   100%        5    ######.
 Lightning Bolt           Conj/Air       #.........   100%        5    ######.
 Summon Forest            Summ/Tloc      #.........   100%        5    ######.
 Death Channel            Necr           #.........   100%        6    #######
 Dispersal                Tloc           #.........   100%        6    #######
 Eringya's Noxious Bog    Tmut/Pois      #.........   100%        6    #######
 Hydra Form               Tmut           #.........   100%        6    #######
 Simulacrum               Ice/Necr       #.........   100%        6    #######
 Ring of Flames           Chrm/Fire      #.........   100%        7    #######
 Summon Hydra             Summ           #.........   100%        7    #######
 Controlled Blink         Tloc           N/A          100%        8    #######
 Disjunction              Tloc           #.........   100%        8    #######
 Ignition                 Fire           #.........   100%        8    #######
 Shatter                  Erth           #.........   100%        9    #######
 Tornado                  Air            #.........   100%        9    #######


Dungeon Overview and Level Annotations

Branches:
Dungeon (1/1)

Altars:
Ashenzari
Cheibriados
Dithmenos
Elyvilon
Fedhas
Gozag
Hepliaklqana
Kikubaaqudgha
Makhleb
Nemelex Xobeh
Okawaru
Qazlal
Ru
Sif Muna
Trog
Uskayaw
Vehumet
Wu Jian
Xom
Yredelemnul
Zin
The Shining One
Beogh
Jiyva
Lugonu


Innate Abilities, Weirdness & Mutations

You reflexively headbutt those who attack you in melee.
You have a pair of horns on your head.


Message History

BONNNG!
You are feeling hungry.
You hit something but do no damage.
You hear some strange, mumbled words.
A lance of force appears from out of thin air!
The lance of force reflects off an invisible shield around you!
GONNNNG!
The lance of force hits something!!!
Something hits you!
* * * LOW HITPOINT WARNING * * *
You feel your power leaking away.
You feel much better. You block the green death's attack.
GONNNNG!
Something hits you but does no damage. The green death completely misses you.
You furiously retaliate!
You headbutt the green death, but do no damage.
You hear some strange, mumbled words.
A lance of force appears from out of thin air!
The lance of force hits you!!!
You feel protected from physical attacks.
You die...

▓...))...▓.
▓....[:≈≈...▓.▓)...▓.▓.
▓...)[}))[..▓...©....▓.
▓.....).....▓▓▓▓▓▓▓▓▓▓▓
▓.....).)...▓...8©8...▓
▓.≈...≈.≈...▓...)[....▓
▓..≈☼°.≈....▓...[))=..▓
..▓○§{°○▓..▓.........▓
▓.▓{@2▓.▓ ▓.........▓
▓..▓...§.▓..▓.........▓
▓.....©☼....▓.....†...▓
▓▓▓▓▓▓▓▓▓▓▓▓▓.▓.†.†.▓.▓
▓....8©8....▓....©....▓
▓..[=[))....▓▓▓▓▓▓▓▓▓▓▓
▓....})|....▓...8©8...▓
▓...).......▓...=.""..▓
▓......÷....▓....[....▓


You could see a green death.

Vanquished Creatures
  3 liches (D)
  A nagaraja (D)
  2 shadow dragons (D)
  A reaper (D)
  A white draconian (D)
  A mummy priest (D)
  A naga warrior (D)
  2 anacondas (D)
  A death scarab (D)
  3 two-headed ogres (D)
  3 soul eaters (D)
  A skeletal warrior (D)
  A flayed ghost (D)
  2 necromancers (D)
  A wolf spider (D)
  3 draconians (D)
  2 black mambas (D)
  2 guardian serpents (D)
  A hellion (D)
  A guardian mummy (D)
  A troll (D)
  A merfolk (D)
  2 hippogriffs (D)
  A flying skull (D)
  A yak (D)
  2 shadows (D)
  A wraith (D)
  A redback (D)
  An ushabti (D)
  A vampire (D)
  2 tarantellas (D)
  4 nagas (D)
  4 hell hounds (D)
  3 water moccasins (D)
  2 porcupines (D)
  2 necrophages (D)
  An ogre (D)
  3 centaurs (D)
  A bullfrog (D)
  3 scorpions (D)
  A crimson imp (D)
  An iron imp (D)
  An iguana (D)
  3 mummies (D)
  2 adders (D)
  2 ufetubi (D)
  3 adder zombies (D)
  4 bat skeletons (D)
  3 bat zombies (D)
  A ball python (D)
  A giant cockroach zombie (D)
  3 leopard gecko skeletons (D)
  2 leopard gecko zombies (D)
  A quokka skeleton (D)
  A spectral ball python (D)
99 creatures vanquished.

Vanquished Creatures (others)
  A spatial maelstrom (D)
1 creature vanquished.

Grand Total: 100 creatures vanquished

Notes
Turn   | Place    | Note
-------+----------+-------------------------------------------
     0 | D        | wilfster70 the Minotaur Monk began the quest for the Orb.
     0 | D        | Reached XP level 1. HP: 19/19 MP: 0/0
     0 | D        | Banished a spatial maelstrom
    13 | D        | Found a blossoming altar of Fedhas.
    14 | D        | Found the +6 Majin-Bo {vamp, Archmagi MP+6 Int+6}
    14 | D        | Found the +7 great mace "Firestarter" {inner flame, rF++}
    18 | D        | Found a sacrificial altar of Ru.
    18 | D        | Found a shimmering blue altar of Sif Muna.
    18 | D        | Found a stormy altar of Qazlal.
    18 | D        | Found a bloodstained altar of Trog.
    18 | D        | Found an iron altar of Okawaru.
    18 | D        | Found a sparkling altar of Nemelex Xobeh.
    18 | D        | Found a transporter.
    18 | D        | Found an ancient bone altar of Kikubaaqudgha.
    18 | D        | Found a viscous altar of Jiyva.
    18 | D        | Found a corrupted altar of Lugonu.
    18 | D        | Found a hazy altar of Hepliaklqana.
    18 | D        | Found a burning altar of Makhleb.
    18 | D        | Found an opulent altar of Gozag.
    39 | D        | Found the +6 shillelagh "Devastator" {shatter}
    39 | D        | Found the +11 plutonium sword {*Contam Stlth-}
    39 | D        | Found the +8 lance "Wyrmbane" {slay drac, rPois rF+ rC+
                  | AC+3}
    39 | D        | Found the +9 sword of Zonguldrok {reap}
    39 | D        | Found the cursed +13 scythe of Curses {drain, *Curse}
    39 | D        | Found the +0 sword of Power
    39 | D        | Found the +7 mace of Variability {chain chaos}
    39 | D        | Found the +7 Singing Sword {slice, sonic wave}
    39 | D        | Found the +8 storm bow {elec, penet}
    45 | D        | Found the +9 heavy crossbow "Sniper" {velocity, Acc+∞ SInv}
    45 | D        | Found the +10 dark maul {crush}
    45 | D        | Found the +15 Maxwell's patent armour {-Cast -Tele rElec
                  | MR+ rCorr}
    45 | D        | Found the +18 shield of the Gong {rElec rN+ MR+ EV-5}
    45 | D        | Found the cursed +14 obsidian axe {chop, +Fly SInv *Curse}
    70 | D        | Became a worshipper of Qazlal Stormbringer
    70 | D        | Reached * piety under Qazlal
    70 | D        | Reached ** piety under Qazlal
    81 | D        | Entered arena 2.
    81 | D        | Noticed a troll
    81 | D        | Noticed a two-headed ogre
    81 | D        | Found a transporter.
    89 | D        | HP: 1/28 [troll (5)]
    90 | D        | Killed a two-headed ogre
    90 | D        | Reached skill level 10 in Polearms
    90 | D        | Reached skill level 5 in Invocations
    90 | D        | Reached XP level 2. HP: 3/35 MP: 0/4
    90 | D        | Reached XP level 3. HP: 3/40 MP: 0/6
    90 | D        | Reached XP level 4. HP: 4/48 MP: 0/7
    90 | D        | Reached XP level 5. HP: 4/53 MP: 0/8
    90 | D        | Reached XP level 6. HP: 5/61 MP: 0/9
    90 | D        | Reached XP level 7. HP: 6/68 MP: 0/10
    92 | D        | Killed a troll
   489 | D        | Entered arena 3.
   489 | D        | Noticed a two-headed ogre
   489 | D        | Noticed a two-headed ogre
   489 | D        | Found a transporter.
   498 | D        | Killed a two-headed ogre
   498 | D        | Reached XP level 8. HP: 51/78 MP: 10/12
   503 | D        | Killed a two-headed ogre
   503 | D        | Reached *** piety under Qazlal
   503 | D        | Reached skill level 10 in Fighting
   503 | D        | Reached XP level 9. HP: 39/85 MP: 10/14
   699 | D        | Entered arena 4.
   699 | D        | Found a transporter.
   703 | D        | Reached **** piety under Qazlal
   715 | D        | Got the Guide on Destructive Heat
   721 | D        | Entered arena 5.
   721 | D        | Noticed a white draconian
   721 | D        | Noticed a draconian
   721 | D        | Noticed a draconian
   721 | D        | Noticed a draconian
   721 | D        | Found a transporter.
   722 | D        | Identified the cursed +1 shortbow "Impbane" {flame, Stlth+}
   729 | D        | Killed a draconian
   729 | D        | Reached skill level 10 in Armour
   729 | D        | Reached skill level 10 in Shields
   729 | D        | Reached skill level 1 in Evocations
   738 | D        | Killed a draconian
   738 | D        | Reached skill level 10 in Dodging
   749 | D        | Killed a draconian
   754 | D        | Killed a white draconian
   754 | D        | Reached XP level 10. HP: 81/97 MP: 14/16
   772 | D        | Entered arena 6.
   772 | D        | Found a transporter.
   775 | D        | Reached ***** piety under Qazlal
   798 | D        | Entered arena 7.
   799 | D        | Found a transporter.
   817 | D        | Reached ****** piety under Qazlal
   817 | D        | Reached skill level 5 in Evocations
   820 | D        | Reached skill level 10 in Invocations
   831 | D        | Got the ring of Lady Luck {rF+ rC+ Int-4 Stlth-}
   841 | D        | Entered arena 8.
   841 | D        | Noticed a black mamba
   842 | D        | Found the +3 giant club "Skullcrusher" {speed, Str+7}
   842 | D        | Found the +1 cloak of Starlight {rElec rC+ EV+4 Stlth--}
   842 | D        | Found a transporter.
   847 | D        | Killed a black mamba
   883 | D        | Entered arena 9.
   883 | D        | Noticed a wolf spider
   884 | D        | Found a transporter.
   891 | D        | Killed a wolf spider
   934 | D        | Entered arena 10.
   934 | D        | Noticed a mummy priest
   934 | D        | Noticed a death scarab
   935 | D        | Killed a death scarab
   935 | D        | Reached XP level 11. HP: 107/107 MP: 16/18
   935 | D        | Killed a mummy priest
   936 | D        | Found a transporter.
   948 | D        | Got the amulet "Digg" {Faith *Slow rF+ rC+ Dex+2}
   952 | D        | Got the amulet "Wimyat" {+Rage rF+ MR+ Dex-2 Slay+5}
   954 | D        | Got the ring of Naygos {Str+4 Stlth+}
   993 | D        | Entered arena 11.
  1008 | D        | Found a transporter.
  1020 | D        | Entered arena 12.
  1020 | D        | Noticed a reaper
  1020 | D        | Noticed a flayed ghost
  1024 | D        | Found a transporter.
  1028 | D        | Killed a flayed ghost
  1039 | D        | Killed a reaper
  1238 | D        | Entered arena 13.
  1238 | D        | Noticed a soul eater
  1238 | D        | Noticed a shadow dragon
  1238 | D        | Noticed a soul eater
  1238 | D        | Noticed a shadow dragon
  1238 | D        | Noticed a soul eater
  1241 | D        | Killed a soul eater
  1259 | D        | Killed a shadow dragon
  1266 | D        | Killed a soul eater
  1282 | D        | Killed a shadow dragon
  1282 | D        | Reached XP level 12. HP: 40/118 MP: 8/20
  1283 | D        | Found a transporter.
  1526 | D        | Entered arena 14.
  1526 | D        | Noticed an anaconda
  1526 | D        | Noticed a nagaraja
  1527 | D        | Identified the +7 hunting sling "Alluoto" {flame, rN+}
  1527 | D        | Noticed an anaconda
  1527 | D        | Noticed a naga warrior
  1528 | D        | Reached skill level 15 in Fighting
  1530 | D        | Killed an anaconda
  1537 | D        | Killed an anaconda
  1537 | D        | Reached skill level 15 in Armour
  1548 | D        | Killed a nagaraja
  1548 | D        | Reached skill level 15 in Shields
  1561 | D        | Killed a naga warrior
  1561 | D        | Reached skill level 10 in Evocations
  1562 | D        | Found a transporter.
  1596 | D        | Entered arena 15.
  1596 | D        | Identified the +1 flail of Wunup {drain, rC+}
  1596 | D        | Noticed a lich
  1597 | D        | Noticed a lich
  1597 | D        | Noticed a lich
  1597 | D        | Noticed an ancient lich
  1597 | D        | Identified the +5 glaive "Afut" {chop, -Tele rElec rF+}
  1601 | D        | Noticed an Executioner
  1608 | D        | Noticed an Ice Fiend
  1612 | D        | Noticed a green death
  1613 | D        | Noticed a balrug
  1614 | D        | Killed a lich
  1614 | D        | Reached skill level 15 in Dodging
  1618 | D        | Killed a lich
  1622 | D        | Killed a lich
  1622 | D        | Reached XP level 13. HP: 44/130 MP: 2/22
  1626 | D        | Noticed a green death
  1632 | D        | Noticed a green death
  1638 | D        | Killed from afar by an ancient lich

Levels and vault maps discovered:
D:        sprint_v [room_start, room_1, room_2, room_3, room_4, room_5, room_6,
          room_7, room_8, room_9, room_10, room_11, room_12, room_13, room_14,
          room_15, room_16, room_17, room_18, room_19, room_20, room_21,
          room_22, room_23, room_24, room_25, room_26, room_27]

Skill      XL: |  1  2  3  4  5  6  7  8  9 10 11 12 |
---------------+-------------------------------------+-----
Fighting       | 8 9 10 11 13 14 16 | 16.7
Polearms       | 10 12 | 12.5
Armour         | 7 8 9 11 12 14 16 | 16.5
Dodging        | 7 8 9 10 12 13 15 | 15.6
Shields        | 6 8 9 11 12 14 15 | 15.0
Invocations    | 5 7 8 9 10 12 14 | 14.1
Evocations     | 4 6 8 11 | 11.2
Stealth        | |  1.5

Action                   |  1- 3 |  4- 6 |  7- 9 | 10-12 | 13-15 || total
-------------------------+-------+-------+-------+-------+-------++-------
Melee: Lance             |     8 |       |    55 |   194 |    10 ||   267
       Headbutt          |     3 |       |    16 |    39 |     2 ||    60
Invok: Disaster Area     |       |       |       |    10 |     2 ||    12
  Use: Potion            |     1 |       |       |     3 |     4 ||     8
  Eat: Chunk             |       |       |       |     2 |       ||     2
Armor: Gold dragon scale |     5 |       |     8 |    51 |     9 ||    73
Dodge: Dodged            |       |       |     1 |    27 |     3 ||    31
       Deflected         |       |       |     1 |     3 |     1 ||     5
Block: Shield            |    13 |       |    38 |   229 |    18 ||   298
       Reflection        |       |       |       |     2 |     1 ||     3

Table legend:
 A = Non-vault XP
 B = Vault XP
 C = Vault XP percentage of total XP
 D = Non-vault monster count
 E = Vault monster count
 F = Vault count percentage of total count
                 A         B        C        D         E       F
            +---------+---------+-------+---------+---------+-------
      Total |       0 |   40286 | 100.0 |       0 |      99 | 100.0
            +---------+---------+-------+---------+---------+-------
          D |       0 |   40286 | 100.0 |       0 |      99 | 100.0
            +---------+---------+-------+---------+---------+-------
